 Zot Defence DCSS version 0.15.2 (webtiles) character file.

54 equalderp2856 the Scratcher (level 3, -7/18 HPs)
             Began as a Felid Fighter on Feb 19, 2017.
             Killed by divine providence
             ... invoked by Wargrak the orc priest
              (12 damage)
             ... in the Realm of Zot (Scenario II: Battle Heart).
             The game lasted 00:02:15 (470 turns).

equalderp2856 the Scratcher (Felid Fighter)          Turns: 470, Time: 00:02:15

HP  -7/18        AC  1     Str 13      XL: 3   Next: 66%
MP   5/5         EV 19     Int  9      God:
Gold 0           SH  0     Dex 15      Spells:  0 memorised,  2 levels left
Lives: 0, deaths: 1

rFire  . . .     SeeInvis +       - Unarmed
rCold  . . .     Clarity  .     (armour unavailable)
rNeg   . . .     rCorr    .     (shield unavailable)
rPois  .         rRot     .     (helmet unavailable)
rElec  .         Spirit   .     (cloak unavailable)
SustAb .         Warding  .     (gloves unavailable)
rMut   .         Stasis   .     (boots unavailable)
Gourm  .                        (no amulet)
MR     .....                    (no ring)
                                (no ring)

@: quick, not resistant to hostile enchantments, unstealthy
A: paw claws, no armour, no weapons or thrown items, fangs 3, see invisible,
carnivore 3, speed 1, shaggy fur 1, slow metabolism 1, jump 1
a: Make oklob sapling, Make arrow trap, Jump Attack


You were in the Realm of Zot.
You were not hungry.

You visited 1 branch

Inventory:

Comestibles
 f - a meat ration
Scrolls
 k - a scroll of blinking
Potions
 d - 3 potions of curing
 e - a potion of might
 g - a potion of heal wounds
 h - a potion of haste
 i - 2 potions of magic
 j - a potion of berserk rage


   Skills:
 + Level 3.8 Fighting
 + Level 4.7 Dodging
 + Level 5.2 Unarmed Combat


You had 2 spell levels left.
You didn't know any spells.

Dungeon Overview and Level Annotations

Branches:
    Zot (1/1)

Altars:


Innate Abilities, Weirdness & Mutations

You cannot wear armour.
You are incapable of wielding weapons or throwing items.
Your paws have sharp claws.
You have razor-sharp teeth.
You have supernaturally acute eyesight.
You are carnivorous and can eat meat at any time.
You cover ground quickly.
You are covered in fur (AC +1).
You have a slow metabolism.
You can jump attack at a short distance.


Message History

Wargrak is nearby!
Wargrak is nearby!
Unknown command.
Wargrak calls down the wrath of Beogh upon something.
Something smites you!
Ouch! That really hurt!
* * * LOW HITPOINT WARNING * * *
Unknown command.
Your oklob sapling spits acid at Wargrak.
The splash of acid misses Wargrak.
You scratch Wargrak but do no damage.
Wargrak is lightly wounded.
Wargrak looks braver.
You claw Wargrak!
Wargrak begins to bleed from its wounds!
Wargrak is heavily wounded.
Wargrak calls down the wrath of Beogh upon something.
Something smites you!
Ouch! That really hurt!
You die...

▓▓▓▓.. ▓▓▓ ▓▓▓..... ▓▓.▓▓
▓▓....... ▓▓...▓▓ ▓▓........ ▓▓
▓▓.....▓▓ ▓▓▓.........
.▓▓▓▓▓▓▓.......▓▓▓▓▓▓▓...........
.▓...................▓...........
.......P...0...Po................
▓▓..............@....▓▓▓▓▓▓▓.....
▓▓▓▓▓▓▓.......▓▓▓▓▓▓▓ ▓▓▓...
▓▓.....▓▓ ▓▓▓. ▓▓...▓▓ ▓▓ ▓▓.▓▓
▓▓ ▓▓▓▓▓▓▓▓▓▓▓▓▓▓▓ ▓▓▓▓▓▓▓▓▓. ▓
▓∆∆∆∆∆▓ ▓∆∆∆∆∆▓ ▓▓......... ▓
▓∆▓∆▓∆▓▓▓∆▓∆▓∆▓ ▓.......... ▓
▓∆∆▓∆∆▓▓▓∆∆▓∆∆▓ ▓..........


You could see Wargrak the orc priest (bleeding) and a friendly oklob sapling.

Vanquished Creatures
  An orc wizard (Zot)
  2 ball pythons (Zot)
  3 giant cockroaches (Zot)
  7 bats (Zot)
  3 giant newts (Zot)
  3 goblins (Zot)
  6 kobolds (Zot)
  2 rats (Zot)
27 creatures vanquished.

Vanquished Creatures (collateral kills)
  A kobold (Zot)
1 creature vanquished.

Grand Total: 28 creatures vanquished

Notes
Turn   | Place    | Note
--------------------------------------------------------------
     0 | Zot      | equalderp2856, the Felid Fighter, began the quest for the Orb.
     0 | Zot      | Reached XP level 1. HP: 10/10 MP: 2/2
   203 | Zot      | Reached XP level 2. HP: 14/14 MP: 3/3
   234 | Zot      | Noticed Zorug
   264 | Zot      | Killed Zorug the orc wizard
   264 | Zot      | Reached skill level 5 in Unarmed Combat
   264 | Zot      | Reached XP level 3. HP: 1/17 MP: 5/5
   264 | Zot      | Reached XP level 4. HP: 1/21 MP: 7/7
   414 | Zot      | Killed from afar by Wargrak the orc priest
   415 | Zot      | Reached XP level 3. HP: 0/18 MP: 5/5
   470 | Zot      | Killed from afar by Wargrak the orc priest

Action                   |  1- 3 |  4- 6 || total
-------------------------+-------+-------++-------
Melee: Unarmed           |    58 |    36 ||    94
 Abil: Make oklob saplin |     2 |       ||     2
